MWL (24 & UNDER)
MANHATTEN MEATHEADS @ CINCINNATI PRIDE
08/11/2023
 
TOP OF THE 1ST
Manhatten Meatheads batting - Pitching for Cincinnati Pride : LHP Ben Couch
Pitching: LHP Ben Couch
Batting: RHB Stanley Robbins 0-0: Ball
1-0: Called Strike
1-1: Foul Ball, location: 2F
1-2: Strikes out swinging
Batting: RHB Ben Morton 0-0: Ball
1-0: Called Strike
1-1: Ball
2-1: Ball
3-1: Swinging Strike
3-2: Ground out 5-3 (Groundball, 5S)
Batting: LHB Pat Zimmerman 0-0: Ball
1-0: Ball
2-0: Ball
3-0: Called Strike
3-1: Ground out 3-1 (Groundball, 34S)
Top of the 1st over - 0 run(s), 0 hit(s), 0 error(s), 0 left on base; Manhatten 0 - Cincinnati 0
BOTTOM OF THE 1ST
Cincinnati Pride batting - Pitching for Manhatten Meatheads : RHP Rafael Ramírez
Pitching: RHP Rafael Ramírez
Batting: RHB Roberto Chávez 0-0: Called Strike
0-1: Called Strike
0-2: Ball
1-2: Strikes out swinging
Batting: RHB Leonardo Pinto 0-0: Ball
1-0: Swinging Strike
1-1: Swinging Strike
1-2: Strikes out swinging
Batting: RHB Fernando Díaz 0-0: Ball
1-0: Ball
2-0: Swinging Strike
2-1: Foul Ball, location: 2F
2-2: Ball
3-2: Ground out 5-3 (Groundball, 56S)
Bottom of the 1st over - 0 run(s), 0 hit(s), 0 error(s), 0 left on base; Manhatten 0 - Cincinnati 0
TOP OF THE 2ND
Manhatten Meatheads batting - Pitching for Cincinnati Pride : LHP Ben Couch
Batting: SHB Vitaliano Capuana 0-0: Called Strike
0-1: Swinging Strike
0-2: Strikes out swinging
Batting: LHB Dave Watt 0-0: Foul Ball, location: 2F
0-1: Swinging Strike
0-2: Foul Ball, location: 2F
0-2: Ball
1-2: Strikes out swinging
Batting: RHB Kyle O'Day 0-0: Swinging Strike
0-1: Swinging Strike
0-2: Ball
1-2: Ball
2-2: Strikes out swinging
Top of the 2nd over - 0 run(s), 0 hit(s), 0 error(s), 0 left on base; Manhatten 0 - Cincinnati 0
BOTTOM OF THE 2ND
Cincinnati Pride batting - Pitching for Manhatten Meatheads : RHP Rafael Ramírez
Batting: SHB Nick Marshall 0-0: Ball
1-0: Fly out, F7 (Line Drive, 7M)
Batting: LHB Ricardo Brandariz 0-0: Called Strike
0-1: Ball
1-1: DOUBLE (Flyball, 8RXD)
Batting: RHB Jonas Uttley 0-0: Swinging Strike
0-1: Ball
1-1: Foul Ball, location: 2F
1-2: Foul Ball, location: 2F
1-2: Ball
2-2: Fly out, F3 (Popup, 3SF)
Batting: RHB Pablo Gómez 0-0: Swinging Strike
0-1: SINGLE (Line Drive, 7S)
Ricardo Brandariz to third
Runner from 3rd tries for Home, SAFE, no throw or cutoff
Batting: RHB Wilson Flores 0-0: Ball
1-0: Called Strike
1-1: Fly out, F2 (Popup, 2L)
Bottom of the 2nd over - 1 run(s), 2 hit(s), 0 error(s), 1 left on base; Manhatten 0 - Cincinnati 1
TOP OF THE 3RD
Manhatten Meatheads batting - Pitching for Cincinnati Pride : LHP Ben Couch
Batting: RHB Mitch Thomas 0-0: Foul Ball, location: 2F
0-1: Swinging Strike
0-2: Ball
1-2: Ball
2-2: SINGLE (Line Drive, 8LS)
Batting: RHB Juan Reyes 0-0: Called Strike
0-1: Fly out, F8 (Flyball, 8RM)
Batting: SHB Will Evans Pickoff Throw to First - Error! E1
Mitch Thomas to second
0-0: Foul Ball, location: 2F
0-1: Fly out, F8 (Flyball, 8RS)
Batting: RHB Stanley Robbins 0-0: Called Strike
0-1: Ball
1-1: Fly out, F6 (Line Drive, 6M)
Top of the 3rd over - 0 run(s), 1 hit(s), 1 error(s), 1 left on base; Manhatten 0 - Cincinnati 1
BOTTOM OF THE 3RD
Cincinnati Pride batting - Pitching for Manhatten Meatheads : RHP Rafael Ramírez
Batting: RHB Norris Howard 0-0: Ball
1-0: Ball
2-0: SINGLE (Line Drive, 6M)
Batting: RHB Roberto Chávez 0-0: DOUBLE (Line Drive, 7M)
Norris Howard to third
Batting: RHB Leonardo Pinto 0-0: Called Strike
0-1: Called Strike
0-2: Strikes out swinging
Batting: RHB Fernando Díaz 0-0: Ball
1-0: SINGLE (Groundball, 4D)
Norris Howard scores
Roberto Chávez to third
Runner from 3rd tries for Home, SAFE, no throw or cutoff
Batting: SHB Nick Marshall 0-0: Ball
1-0: Ball
2-0: Ball
Wild Pitch!
Fernando Díaz to second
3-0: Ground out U3 (Groundball, 3L)
Fernando Díaz to third
Batting: LHB Ricardo Brandariz 0-0: Ground out 5-3 (Groundball, 5L)
Bottom of the 3rd over - 2 run(s), 3 hit(s), 0 error(s), 1 left on base; Manhatten 0 - Cincinnati 3
TOP OF THE 4TH
Manhatten Meatheads batting - Pitching for Cincinnati Pride : LHP Ben Couch
Batting: RHB Ben Morton 0-0: Fly out, F9 (Flyball, 89S)
Batting: LHB Pat Zimmerman 0-0: Foul Ball, location: 2F
0-1: Ball
1-1: SINGLE (Groundball, 4MD)
Batting: SHB Vitaliano Capuana 0-0: Fly out, F8 (Flyball, 8LD)
Runner from 1st tags up, SAFE at 2nd
Batting: LHB Dave Watt 0-0: Called Strike
0-1: Ball
1-1: Ball
2-1: Foul Ball, location: 2F
2-2: Ball
3-2: Foul Ball, location: 2F
3-2: Foul Ball, location: 2F
3-2: Strikes out swinging
Top of the 4th over - 0 run(s), 1 hit(s), 0 error(s), 1 left on base; Manhatten 0 - Cincinnati 3
BOTTOM OF THE 4TH
Cincinnati Pride batting - Pitching for Manhatten Meatheads : RHP Rafael Ramírez
Batting: RHB Jonas Uttley 0-0: Ball
1-0: Ball
2-0: Ball
3-0: Base on Balls
Batting: RHB Pablo Gómez 0-0: Foul Ball, location: 2F
0-1: Ball
1-1: Ball
2-1: Ball
3-1: Called Strike
3-2: Foul Ball, location: 2F
3-2: Strikes out swinging
Batting: RHB Wilson Flores 0-0: Called Strike
0-1: Fielders Choice at 2nd, 6-4 (Groundball, 6M)
Batting: RHB Norris Howard 0-0: Called Strike
Throwing error on steal attempt, E2
Wilson Flores to third
0-1: Foul Ball, location: 2F
0-2: Strikes out swinging
Bottom of the 4th over - 0 run(s), 0 hit(s), 1 error(s), 1 left on base; Manhatten 0 - Cincinnati 3
TOP OF THE 5TH
Manhatten Meatheads batting - Pitching for Cincinnati Pride : LHP Ben Couch
Batting: RHB Kyle O'Day 0-0: Bunt for hit - play at first, batter safe!
Batting: RHB Mitch Thomas 0-0: Ground out 5-3 (Groundball, 56S)
Kyle O'Day to second
Batting: RHB Juan Reyes 0-0: Foul Ball, location: 2F
0-1: Foul Ball, location: 2F
0-2: Strikes out looking
Batting: SHB Will Evans 0-0: Called Strike
0-1: Ball
1-1: Called Strike
1-2: Strikes out swinging
Top of the 5th over - 0 run(s), 1 hit(s), 0 error(s), 1 left on base; Manhatten 0 - Cincinnati 3
BOTTOM OF THE 5TH
Cincinnati Pride batting - Pitching for Manhatten Meatheads : RHP Rafael Ramírez
Batting: RHB Roberto Chávez 0-0: Ball
1-0: Swinging Strike
1-1: Swinging Strike
1-2: Strikes out swinging
Batting: RHB Leonardo Pinto 0-0: Called Strike
0-1: SINGLE (Groundball, 6M)
Batting: RHB Fernando Díaz 0-0: Called Strike
0-1: Foul Ball, location: 2F
0-2: SINGLE (Flyball, 9LS)
Leonardo Pinto to second
Runner from 2nd tries for 3rd, SAFE, throw made to third
Batting: SHB Nick Marshall 0-0: Called Strike
0-1: Foul Ball, location: 2F
0-2: Ball
1-2: Ball
2-2: Ball
3-2: Strikes out swinging
Batting: LHB Ricardo Brandariz 0-0: Called Strike
0-1: Fly out, F7 (Flyball, 7S)
Bottom of the 5th over - 0 run(s), 2 hit(s), 0 error(s), 2 left on base; Manhatten 0 - Cincinnati 3
TOP OF THE 6TH
Manhatten Meatheads batting - Pitching for Cincinnati Pride : LHP Ben Couch
Batting: RHB Stanley Robbins 0-0: Called Strike
0-1: Swinging Strike
0-2: Foul Ball, location: 2F
0-2: Ground out 5-3 (Groundball, 56S)
Batting: RHB Ben Morton 0-0: Swinging Strike
0-1: Foul Ball, location: 2F
0-2: Ball
1-2: Ball
2-2: Fly out, F8 (Flyball, 8LD)
Batting: LHB Pat Zimmerman 0-0: SINGLE (Groundball, 4)
Batting: SHB Vitaliano Capuana 0-0: Ball
1-0: Ball
2-0: Called Strike
Pat Zimmerman is caught stealing 2nd base
Top of the 6th over - 0 run(s), 1 hit(s), 0 error(s), 0 left on base; Manhatten 0 - Cincinnati 3
BOTTOM OF THE 6TH
Cincinnati Pride batting - Pitching for Manhatten Meatheads : RHP Rafael Ramírez
Batting: RHB Jonas Uttley 0-0: Ball
1-0: Called Strike
1-1: Swinging Strike
1-2: Strikes out swinging
Batting: RHB Pablo Gómez 0-0: Called Strike
0-1: Called Strike
0-2: Strikes out swinging
Batting: RHB Wilson Flores 0-0: Ball
1-0: Ball
2-0: Called Strike
2-1: SINGLE (Line Drive, 4M)
Pitching: LHP Juan Mendoza
Batting: RHB Norris Howard 0-0: Ball
1-0: Called Strike
1-1: Called Strike
1-2: Ball
2-2: Ball
3-2: Foul Ball, location: 2F
3-2: Foul Ball, location: 2F
3-2: Fly out, F8 (Line Drive, 8LS)
Bottom of the 6th over - 0 run(s), 1 hit(s), 0 error(s), 1 left on base; Manhatten 0 - Cincinnati 3
TOP OF THE 7TH
Manhatten Meatheads batting - Pitching for Cincinnati Pride : LHP Ben Couch
Batting: SHB Vitaliano Capuana 0-0: Ball
1-0: Ball
2-0: Called Strike
2-1: Called Strike
2-2: Foul Ball, location: 2F
2-2: Ball
3-2: Foul Ball, location: 2F
3-2: Fly out, F8 (Flyball, 8RM)
Batting: LHB Dave Watt 0-0: Called Strike
0-1: DOUBLE (Flyball, 78D)
Pitching: LHP José Alaniz
Batting: RHB Kyle O'Day 0-0: Ball
1-0: Foul Ball, location: 2F
1-1: Ground out 5-3 (Groundball, 5L)
Batting: RHB Mitch Thomas 0-0: Ball
1-0: Fly out, F4 (Popup, 4)
Top of the 7th over - 0 run(s), 1 hit(s), 0 error(s), 1 left on base; Manhatten 0 - Cincinnati 3
BOTTOM OF THE 7TH
Cincinnati Pride batting - Pitching for Manhatten Meatheads : LHP Juan Mendoza
Batting: RHB Roberto Chávez 0-0: Called Strike
0-1: Foul Ball, location: 2F
0-2: Ball
1-2: Foul Ball, location: 2F
1-2: Strikes out looking
Batting: RHB Leonardo Pinto 0-0: Foul Ball, location: 2F
0-1: Ball
1-1: Ball
2-1: Ball
3-1: Fly out, F3 (Popup, 23)
Batting: RHB Fernando Díaz 0-0: Foul Ball, location: 2F
0-1: Ball
1-1: Called Strike
1-2: Ball
2-2: Ground out 5-3 (Groundball, 5)
Bottom of the 7th over - 0 run(s), 0 hit(s), 0 error(s), 0 left on base; Manhatten 0 - Cincinnati 3
TOP OF THE 8TH
Manhatten Meatheads batting - Pitching for Cincinnati Pride : LHP José Alaniz
Batting: RHB Juan Reyes 0-0: Ground out 5-3 (Groundball, 56)
Batting: SHB Will Evans 0-0: Ball
1-0: Ball
2-0: Called Strike
2-1: Ball
3-1: Called Strike
3-2: Strikes out looking
Batting: RHB Stanley Robbins 0-0: Called Strike
0-1: Ball
1-1: Fly out, F7 (Flyball, 7D)
Top of the 8th over - 0 run(s), 0 hit(s), 0 error(s), 0 left on base; Manhatten 0 - Cincinnati 3
BOTTOM OF THE 8TH
Cincinnati Pride batting - Pitching for Manhatten Meatheads : LHP Juan Mendoza
Batting: SHB Nick Marshall 0-0: Ball
1-0: Swinging Strike
1-1: Foul Ball, location: 2F
1-2: Ball
2-2: Ground out 1-3 (Groundball, 15S)
Batting: LHB Ricardo Brandariz 0-0: Called Strike
0-1: Ball
1-1: Ground out 4-3 (Groundball, 4M)
Batting: RHB Jonas Uttley 0-0: Called Strike
0-1: Called Strike
0-2: Ground out 5-3 (Groundball, 56)
Bottom of the 8th over - 0 run(s), 0 hit(s), 0 error(s), 0 left on base; Manhatten 0 - Cincinnati 3
TOP OF THE 9TH
Manhatten Meatheads batting - Pitching for Cincinnati Pride : LHP José Alaniz
Pitching: RHP Eusébio Lagarto
Batting: RHB Ben Morton 0-0: Foul Ball, location: 2F
0-1: Foul Ball, location: 2F
0-2: Strikes out looking
Batting: LHB Pat Zimmerman 0-0: Called Strike
0-1: Ball
1-1: Foul Ball, location: 2F
1-2: Strikes out swinging
Batting: SHB Vitaliano Capuana 0-0: Called Strike
0-1: Foul Ball, location: 2F
0-2: Strikes out swinging
Top of the 9th over - 0 run(s), 0 hit(s), 0 error(s), 0 left on base; Manhatten 0 - Cincinnati 3
This league is powered by Out of the Park Baseball, the baseball management simulation game for PC, Mac and Linux
Wednesday, December 2nd, 2015 - OOTP Baseball 16.8 Build 38